 Dungeon Sprint DCSS version 0.28.0-49-g6dfe1f597d (webtiles) character file.

Game seed: 12785941964734009045

107 Zeld the Skirmisher (level 5, -5/45 HPs)
             Began as a Djinni Monk on May 12, 2022.
             Slain by a water elemental (12 damage)
             ... in the Dungeon (Sprint III: "The Ten Rune Challenge").
             The game lasted 00:01:14 (749 turns).

Zeld the Skirmisher (Djinni Monk)                    Turns: 749, Time: 00:01:14

Health: -5/45      AC:  4    Str: 12    XL:     5   Next: 10%
Gold:   2          EV: 14    Int: 11    God:
                   SH:  0    Dex: 16

rFire   + + .      SeeInvis .   a - +0 falchion
rCold   . . .      Faith    .   (no shield)
rNeg    . . .      Spirit   .   h - +2 robe {rC+}
rPois   ∞          Reflect  .   (no helmet)
rElec   .          Harm     .   (no cloak)
rCorr   .          Rampage  .   (no gloves)
Will    .....      NoTele   +   (boots unavailable)
Stlth   ++........              (no amulet)
HPRegen 0.15/turn               (no ring)
MPRegen 0.00/turn               (no ring)

@: flying
A: sickness immunity, fire resistance 2, cold vulnerability 1, float, innate
caster, HP casting, extra vitality 1
a: no special abilities


You were in the Dungeon.
You visited 1 branch You collected 2 gold pieces.

Inventory:

Hand Weapons
 a - a +0 falchion (weapon)
Armour
 h - a +2 robe of cold resistance (worn)
Scrolls
 b - a scroll of identify {unknown}
 g - a scroll of blinking
Potions
 c - a potion of curing
 e - a potion of haste


   Skills:
 * Level 6.0 Fighting
 * Level 5.5 Long Blades
 + Level 3.3 Armour
 + Level 5.2 Dodging
 - Level 1.5 Stealth


You had one spell level left.
You knew the following spells:

 Your Spells              Type           Power      Damage    Failure   Level
a - Foxfire               Conj/Fire      0%         2x1d4     34%         1
b - Static Discharge      Conj/Air       0%         N/A       47%         2
Your spell library was empty.

Dungeon Overview and Level Annotations

Branches:
Dungeon (1/1)

Altars:


Innate Abilities, Weirdness & Mutations

You are immune to sickness and miasma.
You are immune to poison.
Your flesh is very heat resistant. (rF++)
You are vulnerable to cold. (rC-)
You float through the air rather than walking.
You learn spells naturally, not from books.
Your magical power is your life essence.
You have superior vitality. (+4 MHP)


Message History

The foxfire hits the water elemental but does no damage.
Unknown command.
The foxfire hits the water elemental.
The water elemental is lightly damaged.
Casting: Foxfire (safe; 34% risk of failure)
Confirm with . or Enter, or press ? or * to list all spells.
You miscast Foxfire.
You are very lightly contaminated with residual magic.
Nothing appears to happen.
The water elemental hits you!!
The water elemental engulfs you in water!
Unknown command.
Casting: Foxfire (safe; 34% risk of failure)
Confirm with . or Enter, or press ? or * to list all spells.
You miscast Foxfire.
Nothing appears to happen.
The water elemental hits you.
Unknown command.
Casting: Foxfire (safe; 34% risk of failure)
Confirm with . or Enter, or press ? or * to list all spells.
You conjure some foxfire!
The water elemental closely misses you.
Your foxfire dissipates!
You slip free of the water engulfing you.
The foxfire hits the water elemental but does no damage.
The water elemental is lightly damaged.
The water elemental hits you!
* * * LOW HITPOINT WARNING * * *
You slip free of the water engulfing you.
The water engulfing you falls away.
Things that are here:
a +0 robe; a +0 club Your magical contamination has completely faded away.
The water elemental barely misses you. The water elemental closely misses you.
Casting: Foxfire (safe; 34% risk of failure)
Confirm with . or Enter, or press ? or * to list all spells.
The air crackles with electrical energy.
* * * LOW HITPOINT WARNING * * *
The water elemental misses you.
Unknown command.
The water elemental closely misses you. The water elemental hits you!
You die...

▓..##.......# #..#
▓##.##.##...# #..#
##.##.###..# +#..#
▓#.####.##..# #...'
▓.###..##.[####...#
▓#.....##..###....#
###..##...##.....#
##..##....#......#
#@E###..##.#.....#
#..# #..#####....#
▓▓▓▓ ▓▓▓▓ ▓▓▓▓▓▓


You could see a water elemental.

Vanquished Creatures
  A scorpion (D)
  Jessica (D)
  A human (D)
  3 rats (D)
6 creatures vanquished.

Vanquished Creatures (others)
  12 foxfires (D)
12 creatures vanquished.

Grand Total: 18 creatures vanquished

Notes
Turn   | Place    | Note
-------+----------+-------------------------------------------
     0 | D        | Zeld the Djinni Monk began the quest for the Orb.
     0 | D        | Reached XP level 1. HP: 20/20 MP: 0/0
   154 | D        | Noticed Jessica
   162 | D        | Killed Jessica
   163 | D        | Reached skill level 4 in Fighting
   163 | D        | Reached XP level 2. HP: 18/27 MP: 0/0
   163 | D        | Reached XP level 3. HP: 21/31 MP: 0/0
   163 | D        | Learned a level 1 spell: Foxfire
   456 | D        | Noticed a scorpion
   492 | D        | Killed a scorpion
   493 | D        | Reached skill level 6 in Fighting
   493 | D        | Reached skill level 5 in Long Blades
   493 | D        | Reached skill level 5 in Dodging
   493 | D        | Reached XP level 4. HP: 12/40 MP: 0/0
   493 | D        | Reached XP level 5. HP: 14/45 MP: 0/0
   493 | D        | Learned a level 2 spell: Static Discharge
   715 | D        | Noticed a water elemental
   749 | D        | Slain by a water elemental

Illustrated notes

Levels and vault maps discovered:
D:        dungeon_sprint_mu [sprint_mu_entry_cave, sprint_mu_temple_rooms,
          sprint_mu_d1_horrors, sprint_mu_d2_genie, sprint_mu_d3_branching,
          sprint_mu_orc_legion, sprint_mu_elf_gauntlet, sprint_mu_hive_nellie,
          sprint_mu_lair_fedhas, sprint_mu_vaults_butterflies,
          sprint_mu_slime_circle, sprint_mu_swamp_cave, sprint_mu_shoals_kraken,
          sprint_mu_blade_basic, sprint_mu_crypt_chambers,
          sprint_mu_tomb_spiral, sprint_mu_vestibule_basic,
          sprint_mu_gehenna_hellfire, sprint_mu_dis_giant,
          sprint_mu_tartarus_statrot, sprint_mu_cocytus_islands, sprint_mu_zot1]

Skill      XL: |  1  2  3 |
---------------+----------+-----
Long Blades    | 4 5 |  5.5
Fighting       | 4 6 |  6.0
Armour         | 2 3 |  3.3
Dodging        | 4 5 |  5.2
Stealth        | |  1.5

Action                   |  1- 3 |  4- 6 || total
-------------------------+-------+-------++-------
Melee: Falchion          |    45 |       ||    45
 Cast: Foxfire           |     7 |     2 ||     9
       Static Discharge  |       |     1 ||     1
  Use: Potion            |     2 |       ||     2
 Stab: Sleeping          |     1 |       ||     1
Armor: Robe              |     6 |       ||     6
Dodge: Dodged            |    36 |     5 ||    41
